AoeStats
← Shredded_Pork

Arena

506314576Analyzed
4v4 RM · 20d ago on Sep 13, 2026· 68m 58s· 8 players
Game mode
Random Map
Map size
Large (8 player)
Population
200
Speed
Normal
Resources
Standard
Victory
Conquest
Starting age
Dark Age
Ending age
Imperial Age
RankedLock teamsTeams togetherTeam positionsShared explorationLock speedFull tech treeHidden civsTurbo modeCheats
Victory
Defeat
🇨🇳 Romans · China
744
+17
🇵🇪 Persians · Peru
727
+17
🇲🇽 Franks · Mexico
697
+19
🇲🇽 Celts · Mexico
627
+21
🇲🇽 Slavs · Mexico
797
-20
🇺🇸 Britons · United States
756
-19
🇲🇽 Burgundians · Mexico
731
-18
🇺🇸 Vietnamese · United States
724
-17
TuFatherPrro
5:06 Loom
13:24 Feudal Age
13:10 Double-Bit Axe
13:15 Horse Collar
14:12 Gold Mining
18:03 Stone Mining
19:04 Arson
19:36 Heavy Plow
19:56 Fletching
22:21 Castle Age
20:34 Man-at-Arms
22:33 Padded Archer Armor
22:44 Forging
22:34 Scale Mail Armor
23:10 Bow Saw
23:26 Husbandry
22:47 Light Cavalry
24:10 Stone Shaft Mining
24:51 Squires
26:10 Gold Shaft Mining
26:35 Scale Barding Armor
29:29 Cavalier
29:49 Crossbowman
30:11 Pikeman
31:45 Wheelbarrow
31:44 Crop Rotation
36:22 Town Watch
38:49 Hand Cart
39:13 Bodkin Arrow
40:42 Caravan
42:53 Iron Casting
42:33 Chain Mail Armor
42:34 Leather Archer Armor
45:03 Chain Barding Armor
47:46 Town Patrol
52:21 Fortified Wall
52:32 Ballistics
53:09 Murder Holes
thongvipusa1
0:37 Loom
11:05 Feudal Age
11:42 Double-Bit Axe
11:39 Horse Collar
13:06 Wheelbarrow
14:57 Gold Mining
14:59 Stone Mining
20:23 Castle Age
21:28 Bow Saw
21:22 Heavy Plow
22:18 Hand Cart
24:08 Stone Shaft Mining
25:09 Padded Archer Armor
24:59 Fletching
27:14 Leather Archer Armor
32:39 Imperial Age
30:46 Town Watch
31:41 Scale Mail Armor
32:31 Forging
36:05 Ring Archer Armor
36:11 Elite Fire Lancer
37:00 Bodkin Arrow
37:54 Bracer
38:37 Town Patrol
38:43 Caravan
39:13 Coinage
38:54 Guilds
40:13 Chain Mail Armor
40:33 Iron Casting
41:26 Chemistry
40:47 Ballistics
40:18 Heated Shot
40:09 Treadmill Crane
40:24 Murder Holes
40:34 Siege Engineers
42:25 Arson
42:12 Pikeman
42:53 Squires
43:17 Elite Rattan Archer
44:33 Hoardings
46:35 Two-Man Saw
46:07 Crop Rotation
46:10 Plate Mail Armor
46:16 Halberdier
48:42 Fortified Wall
48:53 Bombard Tower
49:02 Chatras
49:23 Paper Money
48:33 Sappers
53:38 Banking
63:35 Elite Skirmisher
Neoikana
7:44 Loom
10:29 Feudal Age
11:18 Horse Collar
11:26 Double-Bit Axe
12:19 Wheelbarrow
21:18 Castle Age
19:45 Scale Mail Armor
20:01 Forging
20:14 Stone Mining
21:25 Pikeman
22:41 Squires
23:05 Man-at-Arms
31:29 Long Swordsman
32:21 Detinets
37:35 Imperial Age
36:52 Husbandry
37:05 Bloodlines
37:58 Elite Boyar
38:51 Scale Barding Armor
41:49 Heavy Plow
41:54 Gold Mining
42:45 Chain Barding Armor
47:55 Gold Shaft Mining
47:37 Bow Saw
48:41 Ballistics
50:59 Siege Engineers
50:19 Onager
58:02 Siege Onager
59:34 Plate Barding Armor
61:27 Two-Man Saw
61:43 Iron Casting
67:38 Hand Cart
68:26 Blast Furnace
MythicWizard478
7:41 Loom
10:56 Feudal Age
13:00 Double-Bit Axe
16:53 Castle Age
14:57 Horse Collar
17:59 Wheelbarrow
24:41 Heavy Plow
25:17 Bow Saw
27:34 Pikeman
28:38 Gold Mining
30:01 Squires
34:37 Imperial Age
32:35 Fletching
32:46 Padded Archer Armor
33:03 Forging
33:03 Elite Skirmisher
34:47 Gold Shaft Mining
36:13 Hand Cart
36:19 Halberdier
37:22 Bodkin Arrow
37:42 Leather Archer Armor
37:28 Scale Mail Armor
37:42 Stone Mining
37:45 Imperial Skirmisher
40:14 Chain Mail Armor
42:11 Ballistics
42:51 Chemistry
41:58 Siege Engineers
44:15 Elite Longbowman
50:18 Bracer
50:49 Plate Mail Armor
50:54 Iron Casting
50:50 Ring Archer Armor
51:57 Crossbowman
52:58 Arbalester
53:21 Elite Longbowman
54:25 Warwolf
55:56 Two-Man Saw
56:48 Blast Furnace
58:08 Arbalester
WallDestroyer
1:04 Loom
12:26 Feudal Age
13:13 Town Watch
17:06 Stone Mining
20:11 Castle Age
18:40 Double-Bit Axe
18:43 Horse Collar
21:29 Stone Shaft Mining
20:47 Gold Mining
21:01 Heavy Plow
21:15 Bow Saw
23:49 Caravan
31:46 Imperial Age
37:37 Wheelbarrow
43:38 Hand Cart
44:22 Treadmill Crane
47:39 Fervor
46:55 Heavy Scorpion
51:11 Chemistry
51:17 Conscription
53:15 Siege Engineers
54:18 Furor Celtica
55:46 Elite Woad Raider
64:02 Capped Ram
65:05 Siege Ram
jBest
10:52 Feudal Age
11:52 Double-Bit Axe
16:42 Forging
18:37 Castle Age
17:09 Loom
17:36 Scale Barding Armor
18:13 Fletching
18:27 Scale Mail Armor
18:27 Fletching
19:11 Scale Mail Armor
21:24 Wheelbarrow
21:08 Bow Saw
22:22 Bodkin Arrow
25:17 Fortified Wall
28:40 Hand Cart
28:46 Chain Mail Armor
32:38 Imperial Age
31:17 Gold Mining
31:53 Ballistics
32:31 Squires
33:10 Iron Casting
33:57 Conscription
34:35 Murder Holes
35:49 Chain Barding Armor
36:22 Masonry
37:53 Chain Mail Armor
38:17 Plate Barding Armor
37:15 Light Cavalry
39:12 Husbandry
51:24 Town Watch
55:21 Blast Furnace
57:11 Stone Mining
59:04 Pikeman
63:07 Gold Shaft Mining
63:21 Chain Mail Armor
62:52 Halberdier
jhadir
10:32 Feudal Age
17:14 Castle Age
15:44 Double-Bit Axe
16:45 Horse Collar
29:15 Imperial Age
27:00 Gold Mining
27:03 Stone Mining
27:26 Bow Saw
27:18 Heavy Plow
29:18 Wheelbarrow
30:35 Two-Man Saw
31:07 Hand Cart
30:32 Cavalier
31:13 Husbandry
31:24 Bloodlines
32:20 Conscription
33:12 Chemistry
32:32 Ballistics
33:21 Savar
34:14 Forging
34:10 Scale Barding Armor
36:30 Iron Casting
37:04 Caravan
40:23 Blast Furnace
39:43 Chain Barding Armor
46:12 Elite War Elephant
Shredded_Pork
10:07 Feudal Age
10:53 Double-Bit Axe
11:07 Horse Collar
19:35 Castle Age
18:14 Stone Mining
20:46 Heavy Plow
20:58 Bow Saw
20:42 Gold Mining
31:39 Imperial Age
30:05 Man-at-Arms
33:10 Wheelbarrow
33:52 Crop Rotation
34:08 Gold Shaft Mining
33:50 Forging
33:40 Scale Mail Armor
33:47 Scale Mail Armor
33:24 Long Swordsman
34:57 Squires
35:34 Hand Cart
36:09 Legionary
38:46 Chain Mail Armor
39:06 Iron Casting
39:45 Comitatenses
39:46 Conscription
41:02 Ballistas
43:21 Blast Furnace
42:01 Heavy Scorpion
47:37 Fletching
47:48 Padded Archer Armor
52:48 Leather Archer Armor
52:29 Bodkin Arrow
53:02 Caravan
53:50 Ballistics
53:41 Masonry
54:31 Chemistry
Connection lost

Rejoining the realm…

Still unreachable

The connection could not be restored.

Session expired

The server has moved on; the page needs a fresh start.